 Dungeon Crawl Stone Soup version 0.30.0-19-g36f170ea60 (webtiles) character file.

Game seed: 1109754352345125520

2051 howech the Cleaver (level 9, -5/117 HPs)
             Began as a Minotaur Berserker on May 26, 2023.
             Was a Priest of Trog.
             Slain by a swamp worm (17 damage)
             ... on level 7 of the Dungeon.
             The game lasted 00:16:55 (4995 turns).

howech the Cleaver (Minotaur Berserker)             Turns: 4995, Time: 00:16:55

Health: -5/117     AC: 11    Str: 24    XL:     9   Next: 4%
Magic:  8/8        EV: 11    Int:  4    God:    Trog [***...]
Gold:   464        SH:  0    Dex: 15    Spells: 8/8 levels left

rFire   + . .        J - +1 war axe "Elowoil" {elec, rElec}
rCold   . . .        (no shield)
rNeg    + . .        d - +0 chain mail
rPois   .            (helmet restricted)
rElec   +            C - +0 cloak
rCorr   +            (no gloves)
SInv    .            (no boots)
Will    ++...        y - amulet "Woex" {Fragile Regen+ rCorr Dex+3} Stlth
                     u - ring of positive energy
HPRegen 2.19/turn    s - ring of protection from fire
MPRegen 0.11/turn

%: no passive effects
@: berserking, strong-willed (expiring), regenerating (expiring), quick
A: horns 2, retaliatory headbutt
a: Renounce Religion, Berserk, Trog's Hand


You were on level 7 of the Dungeon.
You worshipped Trog.
Trog was most pleased with you.
You visited 2 branches of the dungeon, and saw 8 of its levels.

You collected 464 gold pieces.

Inventory:

Hand Weapons
 a - a +0 hand axe
 B - a +3 quarterstaff of chaos
 J - the +1 war axe "Elowoil" (weapon) {elec, rElec}
   (You found it on level 6 of the Dungeon)

   rElec:     It insulates you from electricity.
 L - a +3 hand axe
Missiles
 j - 6 boomerangs (quivered)
 m - 5 poisoned darts
 O - 2 throwing nets
Armour
 b - a +0 animal skin
 d - a +0 chain mail (worn)
 o - a +0 plate armour
 A - a +1 leather armour of cold resistance
 C - a +0 cloak (worn)
Jewellery
 f - an amulet of regeneration
 r - a +6 ring of dexterity
 s - a ring of protection from fire (right hand)
 u - a ring of positive energy (left hand)
 y - the amulet "Woex" (around neck) {Fragile Regen+ rCorr Dex+3}
   (You found it on level 4 of the Dungeon)

   [amulet of regeneration]

   Dex:       It affects your dexterity (+3).
   Regen:     It increases your rate of health regeneration.
   rCorr:     It protects you from acid and corrosion.
   Fragile:   It will be destroyed if unequipped.
 H - a ring of positive energy
Wands
 p - a wand of digging (6)
 w - a wand of flame (47)
 D - a wand of quicksilver (15)
 F - a wand of roots (7)
 M - a wand of mindburst (19)
Scrolls
 e - 5 scrolls of identify
 g - 5 scrolls of blinking
 h - 2 scrolls of fog
 l - 3 scrolls of immolation
 q - 2 scrolls of noise {unknown}
 v - 2 scrolls of teleportation {unknown}
 z - a scroll of vulnerability {unknown}
 E - 2 scrolls of magic mapping {unknown}
 K - a scroll of poison {unknown}
Potions
 c - 7 potions of curing
 i - 2 potions of resistance
 k - 2 potions of attraction
 n - 3 potions of haste
 t - 2 potions of flight
 x - 2 potions of heal wounds
 G - 2 potions of might
 I - a potion of mutation
 N - a potion of brilliance {unknown}
 P - a potion of cancellation {unknown}


   Skills:
 + Level 6.6 Fighting
 * Level 8.8 Axes
 + Level 4.1 Throwing
 + Level 5.9 Armour
 + Level 5.6 Dodging
 + Level 2.7 Evocations


You had 8 spell levels left.
You didn't know any spells.
Your spell library was empty.

Dungeon Overview and Level Annotations

Branches:
Dungeon (7/15)             Temple (1/1) D:6

Altars:
Ashenzari
Elyvilon
Fedhas
Gozag
Hepliaklqana
Kikubaaqudgha
Makhleb
Nemelex Xobeh
Okawaru
Qazlal
Ru
Sif Muna
Uskayaw
Wu Jian
Zin
The Shining One

Shops:
D:5 (


Innate Abilities, Weirdness & Mutations

You have a pair of horns on your head.
You reflexively headbutt those who attack you in melee.


Message History

You closely miss the swamp worm. You headbutt the swamp worm.
The swamp worm is lightly wounded.
A nearby plant withers and dies.
The swamp worm bites you but does no damage.
A swamp worm comes into view.
The swamp worm bites you.
You slice the swamp worm!!
The swamp worm is heavily wounded.
The swamp worm bites you!!
Your unstable footing causes you to fumble your attack.
The swamp worm bites you.
Your unstable footing causes you to fumble your attack.
The swamp worm bites you!
* * * LOW HITPOINT WARNING * * *
Unknown command.
Your skin crawls.
You feel strong-willed. The swamp worm barely misses you. x2
A red film seems to cover your vision as you go berserk!
You feel yourself moving faster!
You feel mighty!
You feel the effects of Trog's Hand fading.
The swamp worm misses you. The swamp worm bites you!
* * * LOW HITPOINT WARNING * * *
The swamp worm closely misses you.
Your unstable footing causes you to fumble your attack.
The swamp worm bites you!
* * * LOW HITPOINT WARNING * * *
Your unstable footing causes you to fumble your attack.
The swamp worm bites you.
* * * LOW HITPOINT WARNING * * *
The swamp worm barely misses you. You furiously retaliate!
You headbutt the swamp worm!
Your unstable footing causes you to fumble your attack.
The swamp worm bites you.
* * * LOW HITPOINT WARNING * * *
The swamp worm closely misses you.
You closely miss the swamp worm.
The swamp worm is moderately wounded.
You hit the swamp worm. The swamp worm bites you!
You die...

#~~~ #~≈# ##~~# ###.~≈##
# #...~~~# ~#
#....~~##~##~~..
#######.....~≈P~~≈~#.#
...........$@w~~~~~..#
#######)...##w~~~~..#
##...†...# ###....#
#####..##....# #....#
##.....###....#####....#
#..##### ##...<.#......#
##.## #.......#....#
#..# ######.....^##....#
#.##
#...##.....###....##


You could see 2 swamp worms.

Vanquished Creatures
  A steam dragon (D:7)
  A water moccasin (D:7)
  2 black bears (D:5)
  An ice beast (D:7)
  An ogre (D:7)
  A centaur (D:7)
  A phantom (D:4)
  A gnoll sergeant (D:7)
  A scorpion (D:6)
  4 wights
  4 howler monkeys
  2 jellies (D:6)
  3 gnoll boudas
  2 hounds
  Crazy Yiuf (D:4)
  A sleepcap (D:6)
  3 iguanas
  Natasha (thrice) (D:2)
  2 orc wizards
  Terence (D:2)
  Robin (D:4)
  4 adders
  17 gnolls
  2 shadow imps (D:5)
  2 white imps
  3 ufetubi
  2 worms
  2 dart slugs (D:5)
  10 orcs
  6 endoplasms
  4 giant cockroaches
  13 goblins
  3 hobgoblins
  2 jackals (D:1)
  2 quokkas (D:1)
  4 ball pythons
  4 bats
  4 frilled lizards
  6 kobolds
  4 rats
131 creatures vanquished.

Vanquished Creatures (others)
  A goblin (D:4)
1 creature vanquished.

Grand Total: 132 creatures vanquished

Notes
Turn   | Place    | Note
-------+----------+-------------------------------------------
     0 | D:1      | howech the Minotaur Berserker began the quest for the Orb.
     0 | D:1      | Reached XP level 1. HP: 19/19 MP: 0/0
    92 | D:1      | Reached XP level 2. HP: 6/27 MP: 1/1
   197 | D:1      | Reached skill level 4 in Axes
   699 | D:2      | Noticed Natasha
   707 | D:2      | Killed Natasha
   708 | D:2      | Reached XP level 3. HP: 26/33 MP: 2/2
   767 | D:2      | Found a faded altar of an unknown god.
   942 | D:2      | Reached ** piety under Trog
  1025 | D:2      | Noticed Natasha
  1031 | D:2      | Killed Natasha
  1032 | D:2      | Reached XP level 4. HP: 38/40 MP: 3/3
  1137 | D:2      | Noticed Natasha
  1142 | D:2      | Killed Natasha
  1143 | D:2      | Reached skill level 5 in Axes
  1238 | D:2      | Reached skill level 1 in Throwing
  1247 | D:2      | Reached XP level 5. HP: 17/47 MP: 4/4
  1485 | D:2      | Noticed Terence
  1493 | D:2      | Killed Terence
  1727 | D:3      | Found a white marble altar of Elyvilon.
  2623 | D:4      | Identified the amulet "Woex" {Fragile Regen+ rCorr Dex+3}
  2633 | D:4      | Noticed a phantom
  2651 | D:4      | Killed a phantom
  2652 | D:4      | Reached XP level 6. HP: 55/55 MP: 5/5
  2872 | D:4      | Reached skill level 6 in Axes
  2880 | D:4      | Noticed Robin
  2943 | D:4      | Found a runed translucent door.
  2944 | D:4      | Noticed Crazy Yiuf
  2951 | D:4      | Killed Crazy Yiuf
  3222 | D:4      | Killed Robin
  3247 | D:5      | Entered Level 5 of the Dungeon
  3253 | D:5      | Reached skill level 5 in Fighting
  3260 | D:5      | Found Beogudu's Antique Weapon Boutique.
  3338 | D:5      | Reached XP level 7. HP: 54/61 MP: 6/6
  3346 | D:5      | Found a hazy altar of Hepliaklqana.
  3513 | D:5      | Reached skill level 7 in Axes
  3784 | D:6      | Reached skill level 1 in Evocations
  3922 | D:6      | Found a staircase to the Ecumenical Temple.
  3944 | D:6      | Identified the +1 war axe "Elowoil" {elec, rElec}
  3953 | Temple   | Entered the Ecumenical Temple
  4246 | D:6      | Reached *** piety under Trog
  4248 | D:6      | Reached XP level 8. HP: 48/70 MP: 7/7
  4450 | D:7      | Reached skill level 5 in Armour
  4466 | D:7      | Reached skill level 5 in Dodging
  4487 | D:7      | Reached skill level 8 in Axes
  4541 | D:7      | Found a sacrificial altar of Ru.
  4971 | D:7      | Reached XP level 9. HP: 39/78 MP: 8/8
  4995 | D:7      | Slain by a swamp worm

Illustrated notes

Levels and vault maps discovered:
D:1:      evilmike_arrival_hilbert_curve, layout_basic, minivault_14,
          interstate_on_off, serial_bayou_ford_a, serial_bayou_pond_c,
          minmay_tetromino_l4
D:2:      layout_loops_cross, dreamdust_ecumenical_altar_hidden_monk_grotto,
          uniq_terence, uniq_natasha
D:3:      layout_loops_ring, mainiacjoe_overflow_brackets, minivault_5
D:4:      layout_cave_pools, uniq_robin, uniq_crazy_yiuf_cottage
D:5:      layout_rooms, mainiacjoe_overflow_paths, serial_shops, shop
D:6:      layout_basic, minmay_temple_entry_offerings
D:7:      layout_rooms, mainiacjoe_overflow_boulevard,
          chequers_temple_overflow_minitemple, worms_lemuel
Temple:   nicolae_temple_ecumenical_triangle

Skill      XL: |  1  2  3  4  5  6  7  8 |
---------------+-------------------------+-----
Axes           | 4 5 6 7 8 |  8.8
Fighting       | 4 5 6 |  6.6
Armour         | 3 4 5 |  5.9
Dodging        | 3 4 5 |  5.6
Throwing       | 1 2 3 4 |  4.1
Evocations     | 1 2 |  2.7

Action                     |  1- 3 |  4- 6 |  7- 9 || total
---------------------------+-------+-------+-------++-------
  Melee: Hand axe          |    75 |   149 |    69 ||   293
         Headbutt          |    12 |    28 |    27 ||    67
         Punch             |     1 |     2 |     3 ||     6
         War axe           |       |       |    69 ||    69
  Throw: Boomerang         |       |     8 |     8 ||    16
 Invoke: Berserk           |     1 |     3 |     2 ||     6
         Trog's Hand       |       |     4 |     3 ||     7
    Use: Scroll            |     4 |     2 |     5 ||    11
 Armour: Chain mail        |    49 |    79 |    62 ||   190
  Dodge: Dodged            |    42 |    80 |    73 ||   195
